 Dungeon Crawl Stone Soup version 0.22-a0-596-gfbd32a6 (webtiles) character file.

28 gmonis the Cudgeler (level 2, -2/40 HPs)
             Began as a Minotaur Berserker on July 5, 2018.
             Was a Follower of Trog.
             Slain by a kobold
             ... wielding a +0 whip
              (4 damage)
             ... on level 1 of the Dungeon.
             The game lasted 00:00:44 (537 turns).

gmonis the Cudgeler (Minotaur Berserker)             Turns: 537, Time: 00:00:45

Health: -2/40      AC:  2    Str: 26    XL:     2   Next: 96%
Magic:  1/1        EV: 12    Int:  4    God:    Trog [*.....]
Gold:   36         SH:  0    Dex:  9    Spells: 1/1 levels left

rFire    . . .     SeeInvis .   a - +0 mace
rCold    . . .     Gourm    .   (no shield)
rNeg     . . .     Faith    .   b - +0 animal skin
rPois    .         Spirit   .   (helmet restricted)
rElec    .         Reflect  .   (no cloak)
rCorr    .         Harm     .   (no gloves)
MR       .....                  (no boots)
Stlth    ..........             (no amulet)
HPRegen  0.13/turn              (no ring)
MPRegen  0.07/turn              (no ring)

@: berserking, very quick
A: retaliatory headbutt, horns 2
a: Berserk, Renounce Religion


You were on level 1 of the Dungeon.
You worshipped Trog.
Trog was aware of your devotion.
You were not hungry.

You visited 1 branch of the dungeon, and saw 1 of its levels.

You collected 36 gold pieces.

Inventory:

Hand Weapons
 a - a +0 mace (weapon)
Missiles
 f - 26 stones (quivered)
Armour
 b - a +0 animal skin (worn)
Scrolls
 d - a scroll of remove curse {unknown}
 g - a scroll of identify {unknown}
Potions
 e - a potion of curing {unknown}
Comestibles
 c - a ration


   Skills:
 - Level 3.7 Fighting
 + Level 4.9 Maces & Flails
 - Level 2.4 Armour
 - Level 2.2 Dodging


You had one spell level left.
You didn't know any spells.
Your spell library was empty.

Dungeon Overview and Level Annotations

Branches:
Dungeon (1/15)

Altars:


Innate Abilities, Weirdness & Mutations

You reflexively headbutt those who attack you in melee.
You have a pair of horns on your head.


Message History

You furiously retaliate!
You headbutt the giant cockroach. The kobold misses you.
The giant cockroach closely misses you. You furiously retaliate!
You headbutt the giant cockroach!
You kill the giant cockroach!
Trog accepts your kill.
You hit the goblin.
You kill the goblin!
Trog accepts your kill. The kobold hits you with a whip.
You barely miss the hobgoblin. Your headbutt misses the hobgoblin.
The kobold hits you with a whip. The hobgoblin hits you with a club.
* * * LOW HITPOINT WARNING * * *
The kobold hits you with a whip.
* * * LOW HITPOINT WARNING * * *
A red film seems to cover your vision as you go berserk!
You feel yourself moving faster!
You feel mighty!
You feel quite a bit more hungry. The hobgoblin hits you with a club.
* * * LOW HITPOINT WARNING * * *
The kobold hits you with a whip.
You die...

#.# ....... #.##.#
#.##.........#.##.#
#.##.........#.##.#
#.##.........
#.##.........
#.##.........
#.##......... ##
#.((..†...... #.
#..#(@g...... #.
#..#.†K...... #.
#..#######...
#######. #..# .
........ #..#
#######. #..# #.
#..# #) #. #.


You could see a hobgoblin and a kobold.

Vanquished Creatures
  A gnoll (D:1)
  A dart slug (D:1)
  2 giant cockroaches (D:1)
  2 goblins (D:1)
  A hobgoblin (D:1)
  2 bats (D:1)
  2 frilled lizards (D:1)
  2 kobolds (D:1)
  4 rats (D:1)
17 creatures vanquished.

Notes
Turn   | Place    | Note
-------+----------+-------------------------------------------
     0 | D:1      | gmonis the Minotaur Berserker began the quest for the Orb.
     0 | D:1      | Reached XP level 1. HP: 19/19 MP: 0/0
    52 | D:1      | Reached skill level 4 in Maces & Flails
   113 | D:1      | Reached XP level 2. HP: 18/27 MP: 1/1
   537 | D:1      | HP: 2/40 [hobgoblin/club (3)]
   537 | D:1      | Slain by a kobold

Vault maps used:
D:1:      dpeg_arrival_short_road

Skill      XL: |  1 |
---------------+----+-----
Maces & Flails | 4 |  4.9
Fighting       | |  3.7
Armour         | |  2.4
Dodging        | |  2.2

Action                   || total
-------------------------++-------
Melee: Mace              ||    28
       Headbutt          ||     3
Invok: Berserk           ||     2
Armor: Animal skin       ||     5
Dodge: Dodged            ||    26

Table legend:
 A = Spawn XP
 B = Non-spawn XP
 C = Spawn XP percentage of total XP
 D = Spawn monster count
 E = Non-spawn monster count
 F = Spawn count percentage of total count
 G = Total turns spent on level
                    A         B        C        D         E        F      G
               +---------+---------+-------+---------+---------+-------+---------
         Total |       0 |      40 |   0.0 |       0 |      17 |   0.0 |   537
               +---------+---------+-------+---------+---------+-------+---------
           D:1 |       0 |      40 |   0.0 |       0 |      17 |   0.0 |   537
               +---------+---------+-------+---------+---------+-------+---------
